| Goals | Penalties |
1. MapleLeafs , Yanni Gourde 17 (Viktor Arvidsson 20, Jonathan Huberdeau 19) at 3:19 (PP)
2. MapleLeafs , Rasmus Sandin 6 (Shane Pinto 13, Filip Gustavsson) at 19:06 (PP)
|
Alex Vlasic (WSH) for Hooking (Minor) at 1:52 John Marino (TOR) for Hooking (Minor) at 8:21 Michael Rasmussen (WSH) for Roughing (Minor) at 17:53
|
3. MapleLeafs , Johnny Gaudreau 18 (Rasmus Sandin 26, Jonathan Huberdeau 20) at 19:00 (PP)
|
Alex Vlasic (WSH) for Holding (Minor) at 17:14
|
4. Capitals , Jeff Petry 3 (Noah Dobson 27, Elias Pettersson 32) at 5:40 (PP)
|
Sean Durzi (TOR) for Roughing (Minor) at 3:10 Sean Durzi (TOR) for High sticking (Double Minor) at 5:20
|
|
Petr Mrazek (WSH), 21 saves from 24 shots - (0,875), L, 13-18-0, 60:00 minutes
Filip Gustavsson (TOR), 19 saves from 20 shots - (0,950), W, 27-16-2, 60:00 minutes
|
|
1 - Rasmus Sandin (TOR)
2 - Yanni Gourde (TOR)
3 - Jonathan Huberdeau (TOR)
|
Referees : Francois St-Laurent and Pierre Lambert
Linesman : Glen Cooke and Brandon Gawryletz
|
|
| No Game Note
|
|
Level 1 -- Attendance: 6349 (97,68%) -- Ticket Income $698,390
Level 2 -- Attendance: 4487 (89,74%) -- Ticket Income $403,830
Level 3 -- Attendance: 3015 (86,14%) -- Ticket Income $195,975
Level 4 -- Attendance: 2643 (93,76%) -- Ticket Income $105,720
Luxury Box -- Attendance: 1000 (100,00%) -- Ticket Income $220,000
Game was played at the Air Canada Center.
Total Attendance: 17494 (92,96%)
Total Ticket Income: $1,623,915
Other Income: $405,979
Total Income: $2,029,894
|
| Team Name |
Goals |
Shots |
Shots Attemp |
Shots Blocked |
PIM |
HIT |
PP |
PK |
FO% |
| Capitals |
1 | 20 | 47 | 10 | 6 | 21 | 1 / 4 (25%) | 3 | 52% |
| MapleLeafs |
3 | 24 | 55 | 7 | 8 | 22 | 3 / 3 (100%) | 1 | 48% |
Capitals
| Player Name |
POS |
G |
A |
P |
+/- |
PIM |
HIT |
SHT |
SB |
MP |
PP MP |
PP SHT |
PK MP |
PK SHT |
FO% |
FOT |
| Alec Martinez | D | 0 | 0 | 0 | 0 | 0 | 0 | 1 | 2 | 20:37 | 3:19 | 0 | 2:15 | 0 | 0% |
0 |
| Alex Vlasic | D | 0 | 0 | 0 | 0 | 4 | 3 | 1 | 3 | 19:23 | 3:19 | 0 | 1:03 | 0 | 0% |
0 |
| Connor Bedard | C | 0 | 0 | 0 | 0 | 0 | 0 | 1 | 0 | 19:17 | 0:00 | 0 | 0:00 | 0 | 100% |
1 |
| David Kampf | C | 0 | 0 | 0 | 0 | 0 | 0 | 0 | 0 | 0:00 | 0:00 | 0 | 0:00 | 0 | 0% |
0 |
| Drew O'Connor | LW | 0 | 0 | 0 | 0 | 0 | 2 | 2 | 0 | 19:29 | 2:58 | 1 | 3:32 | 0 | 50% |
2 |
| Elias Pettersson | C | 0 | 1 | 1 | 0 | 0 | 1 | 4 | 1 | 22:37 | 2:58 | 1 | 3:32 | 0 | 54% |
28 |
| Filip Zadina | RW | 0 | 0 | 0 | 0 | 0 | 0 | 0 | 0 | 0:00 | 0:00 | 0 | 0:00 | 0 | 0% |
0 |
| Jeff Petry | D | 1 | 0 | 1 | 0 | 0 | 2 | 2 | 2 | 23:51 | 2:58 | 2 | 2:11 | 0 | 0% |
0 |
| Jonas Siegenthaler | D | 0 | 0 | 0 | 0 | 0 | 1 | 1 | 2 | 15:32 | 0:00 | 0 | 0:00 | 0 | 0% |
0 |
| Jordan Greenway | LW | 0 | 0 | 0 | 0 | 0 | 0 | 3 | 0 | 21:14 | 3:19 | 0 | 0:54 | 0 | 0% |
0 |
| Michael Rasmussen | C | 0 | 0 | 0 | 0 | 2 | 2 | 0 | 0 | 12:58 | 0:00 | 0 | 0:00 | 0 | 54% |
13 |
| Morgan Frost | C | 0 | 0 | 0 | 0 | 0 | 1 | 3 | 0 | 16:09 | 0:00 | 0 | 0:00 | 0 | 67% |
6 |
| Nicolas Hague | D | 0 | 0 | 0 | 0 | 0 | 3 | 0 | 0 | 16:44 | 0:00 | 0 | 1:12 | 0 | 0% |
0 |
| Noah Dobson | D | 0 | 1 | 1 | 0 | 0 | 1 | 0 | 0 | 23:51 | 2:58 | 0 | 2:11 | 0 | 0% |
0 |
| Pavel Zacha | C | 0 | 0 | 0 | 0 | 0 | 1 | 0 | 0 | 21:14 | 3:19 | 0 | 0:54 | 0 | 41% |
22 |
| Quinton Byfield | RW | 0 | 0 | 0 | 0 | 0 | 2 | 0 | 0 | 22:15 | 2:58 | 0 | 0:00 | 0 | 100% |
2 |
| Tyler Johnson | C | 0 | 0 | 0 | 0 | 0 | 0 | 0 | 0 | 0:00 | 0:00 | 0 | 0:00 | 0 | 0% |
0 |
| Tyson Foerster | RW | 0 | 0 | 0 | 0 | 0 | 2 | 2 | 0 | 20:20 | 3:19 | 0 | 0:00 | 0 | 0% |
1 |
MapleLeafs
| Player Name |
POS |
G |
A |
P |
+/- |
PIM |
HIT |
SHT |
SB |
MP |
PP MP |
PP SHT |
PK MP |
PK SHT |
FO% |
FOT |
| Brandon Carlo | D | 0 | 0 | 0 | 0 | 0 | 2 | 1 | 1 | 18:05 | 0:24 | 1 | 3:10 | 0 | 0% |
0 |
| Calle Jarnkrok | C | 0 | 0 | 0 | 0 | 0 | 1 | 1 | 0 | 12:27 | 0:00 | 0 | 2:13 | 0 | 33% |
12 |
| Devon Toews | D | 0 | 0 | 0 | 0 | 0 | 0 | 0 | 1 | 24:29 | 2:36 | 0 | 3:07 | 0 | 0% |
0 |
| Drake Batherson | RW | 0 | 0 | 0 | 0 | 0 | 1 | 8 | 0 | 18:44 | 2:09 | 2 | 0:00 | 0 | 0% |
1 |
| Evander Kane | LW | 0 | 0 | 0 | 0 | 0 | 4 | 0 | 0 | 12:23 | 2:09 | 0 | 0:00 | 0 | 33% |
3 |
| Jakob Silfverberg | RW | 0 | 0 | 0 | 0 | 0 | 0 | 0 | 1 | 10:15 | 0:00 | 0 | 4:14 | 0 | 0% |
0 |
| John Marino | D | 0 | 0 | 0 | 0 | 2 | 1 | 0 | 1 | 18:12 | 0:00 | 0 | 2:13 | 0 | 0% |
0 |
| Johnny Gaudreau | LW | 1 | 0 | 1 | 0 | 0 | 0 | 3 | 0 | 19:38 | 2:17 | 1 | 0:54 | 0 | 0% |
0 |
| Jonatan Berggren | RW | 0 | 0 | 0 | 0 | 0 | 0 | 0 | 0 | 6:01 | 0:00 | 0 | 0:00 | 0 | 0% |
1 |
| Jonathan Huberdeau | C | 0 | 2 | 2 | 0 | 0 | 1 | 2 | 0 | 18:01 | 1:26 | 0 | 0:00 | 0 | 0% |
0 |
| Nico Sturm | C | 0 | 0 | 0 | 0 | 0 | 0 | 2 | 0 | 11:23 | 0:00 | 0 | 1:09 | 0 | 50% |
4 |
| Rasmus Sandin | D | 1 | 1 | 2 | 0 | 0 | 3 | 2 | 0 | 18:32 | 1:50 | 2 | 0:42 | 0 | 0% |
0 |
| Ryan Lindgren | D | 0 | 0 | 0 | 0 | 0 | 1 | 0 | 1 | 16:51 | 0:00 | 0 | 2:20 | 0 | 0% |
0 |
| Sean Durzi | D | 0 | 0 | 0 | 0 | 6 | 4 | 1 | 1 | 22:22 | 2:36 | 0 | 1:02 | 0 | 0% |
0 |
| Shane Pinto | C | 0 | 1 | 1 | 0 | 0 | 0 | 1 | 0 | 18:44 | 2:09 | 0 | 0:00 | 0 | 48% |
21 |
| Trent Frederic | C | 0 | 0 | 0 | 0 | 0 | 1 | 0 | 0 | 6:01 | 0:00 | 0 | 0:00 | 0 | 63% |
8 |
| Viktor Arvidsson | RW | 0 | 1 | 1 | 0 | 0 | 1 | 0 | 0 | 18:44 | 2:17 | 0 | 0:00 | 0 | 100% |
1 |
| Yanni Gourde | C | 1 | 0 | 1 | 0 | 0 | 2 | 3 | 1 | 22:48 | 2:17 | 1 | 4:04 | 1 | 54% |
24 |
Play-by-Play
1st period
0:01 of 1st period - Shane Pinto wins face-off versus Elias Pettersson in neutral zone.
1:40 of 1st period - Shot by Johnny Gaudreau.
1:40 of 1st period - Shot Blocked by Alec Martinez.
1:42 of 1st period - Shot by Yanni Gourde.
1:42 of 1st period - Shot Misses the Net.
1:52 of 1st period - Minor Penalty to Alex Vlasic for Hooking.
1:53 of 1st period - Yanni Gourde wins face-off versus Elias Pettersson in Capitals zone.
2:14 of 1st period - Shot by Rasmus Sandin.
2:14 of 1st period - Shot Blocked by Jeff Petry.
2:16 of 1st period - Shot by Brandon Carlo.
2:16 of 1st period - Stopped by Petr Mrazek without a rebound.
2:17 of 1st period - Elias Pettersson wins face-off versus Shane Pinto in Capitals zone.
2:39 of 1st period - Jordan Greenway is hit by Evander Kane and loses puck.
3:00 of 1st period - Yanni Gourde is hit by Drew O'Connor and loses puck.
3:17 of 1st period - Shot by Viktor Arvidsson.
3:17 of 1st period - Shot Blocked by Elias Pettersson.
3:19 of 1st period - Shot by Yanni Gourde.
3:19 of 1st period - Goal by Yanni Gourde - Capitals : 0 - MapleLeafs : 1.
3:20 of 1st period - Morgan Frost wins face-off versus Trent Frederic in neutral zone.
3:22 of 1st period - Jonas Siegenthaler is hit by Trent Frederic and loses puck.
3:42 of 1st period - Off-side.
3:43 of 1st period - Pavel Zacha wins face-off versus Calle Jarnkrok in neutral zone.
4:00 of 1st period - Pavel Zacha is hit by Rasmus Sandin and loses puck.
4:07 of 1st period - Shot by Alex Vlasic.
4:07 of 1st period - Stopped by Filip Gustavsson without a rebound.
4:08 of 1st period - Elias Pettersson wins face-off versus Yanni Gourde in MapleLeafs zone.
5:20 of 1st period - Icing by Michael Rasmussen.
5:21 of 1st period - Morgan Frost wins face-off versus Shane Pinto in Capitals zone.
5:49 of 1st period - Shot by Jonathan Huberdeau.
5:49 of 1st period - Stopped by Petr Mrazek without a rebound.
5:50 of 1st period - Calle Jarnkrok wins face-off versus Pavel Zacha in Capitals zone.
5:59 of 1st period - Shot by Nico Sturm.
5:59 of 1st period - Stopped by Petr Mrazek without a rebound.
6:00 of 1st period - Pavel Zacha wins face-off versus Yanni Gourde in Capitals zone.
6:43 of 1st period - Jordan Greenway is hit by Yanni Gourde and loses puck.
6:51 of 1st period - Yanni Gourde is hit by Alex Vlasic and loses puck.
7:37 of 1st period - Jonathan Huberdeau is hit by Quinton Byfield and loses puck.
7:50 of 1st period - Shot by Jonathan Huberdeau.
7:50 of 1st period - Shot Blocked by Jeff Petry.
8:16 of 1st period - Icing by John Marino.
8:17 of 1st period - Michael Rasmussen wins face-off versus Shane Pinto in MapleLeafs zone.
8:21 of 1st period - Minor Penalty to John Marino for Hooking.
8:22 of 1st period - Yanni Gourde wins face-off versus Elias Pettersson in MapleLeafs zone.
8:32 of 1st period - Off-side.
8:33 of 1st period - Drew O'Connor wins face-off versus Yanni Gourde in neutral zone.
8:50 of 1st period - Shot by Noah Dobson.
8:50 of 1st period - Shot Misses the Net.
9:13 of 1st period - Icing by Jordan Greenway.
9:14 of 1st period - Pavel Zacha wins face-off versus Nico Sturm in Capitals zone.
9:24 of 1st period - Icing by Alex Vlasic.
9:25 of 1st period - Yanni Gourde wins face-off versus Pavel Zacha in Capitals zone.
10:00 of 1st period - Alex Vlasic is hit by Calle Jarnkrok and loses puck.
10:43 of 1st period - Shot by Drew O'Connor.
10:43 of 1st period - Deflect By Morgan Frost.
10:43 of 1st period - Shot Misses the Net.
10:45 of 1st period - Shot by Jonas Siegenthaler.
10:45 of 1st period - Stopped by Filip Gustavsson without a rebound.
10:46 of 1st period - Calle Jarnkrok wins face-off versus Elias Pettersson in MapleLeafs zone.
10:52 of 1st period - Off-side.
10:53 of 1st period - Elias Pettersson wins face-off versus Calle Jarnkrok in neutral zone.
10:58 of 1st period - Shot by Connor Bedard.
10:58 of 1st period - Shot Misses the Net.
12:20 of 1st period - Yanni Gourde is hit by Nicolas Hague and loses puck.
12:43 of 1st period - John Marino is hit by Drew O'Connor and loses puck.
13:02 of 1st period - Shot by Shane Pinto.
13:02 of 1st period - Shot Misses the Net.
13:13 of 1st period - Icing by John Marino.
13:14 of 1st period - Shane Pinto wins face-off versus Pavel Zacha in MapleLeafs zone.
13:24 of 1st period - Tyson Foerster is hit by Drake Batherson and loses puck.
13:39 of 1st period - Shot by Pavel Zacha.
13:39 of 1st period - Shot Blocked by John Marino.
13:41 of 1st period - Shot by Alec Martinez.
13:41 of 1st period - Shot Misses the Net.
14:33 of 1st period - Shot by Viktor Arvidsson.
14:33 of 1st period - Shot Misses the Net.
15:14 of 1st period - Shot by Michael Rasmussen.
15:14 of 1st period - Shot Misses the Net.
15:58 of 1st period - Shot by Jordan Greenway.
15:58 of 1st period - Stopped by Filip Gustavsson with a rebound.
16:00 of 1st period - Shot by Jordan Greenway.
16:00 of 1st period - Shot Misses the Net.
16:02 of 1st period - Shot by Tyson Foerster.
16:02 of 1st period - Shot Misses the Net.
16:16 of 1st period - Shot by Tyson Foerster.
16:16 of 1st period - Stopped by Filip Gustavsson with a rebound.
16:29 of 1st period - Icing by Jakob Silfverberg.
16:30 of 1st period - Elias Pettersson wins face-off versus Trent Frederic in MapleLeafs zone.
17:15 of 1st period - John Marino is hit by Elias Pettersson and loses puck.
17:52 of 1st period - Nico Sturm is hit by Michael Rasmussen and loses puck.
17:53 of 1st period - Minor Penalty to Michael Rasmussen for Roughing.
17:54 of 1st period - Elias Pettersson wins face-off versus Yanni Gourde in Capitals zone.
18:54 of 1st period - Shot by Shane Pinto.
18:54 of 1st period - Deflect By Evander Kane.
18:54 of 1st period - Shot Blocked by Alex Vlasic.
18:56 of 1st period - Shot by Jonathan Huberdeau.
18:56 of 1st period - Deflect By Drake Batherson.
18:56 of 1st period - Stopped by Petr Mrazek without a rebound.
18:57 of 1st period - Pavel Zacha wins face-off versus Shane Pinto in Capitals zone.
19:06 of 1st period - Shot by Rasmus Sandin.
19:06 of 1st period - Goal by Rasmus Sandin - Capitals : 0 - MapleLeafs : 2.
19:07 of 1st period - Morgan Frost wins face-off versus Shane Pinto in neutral zone.
19:31 of 1st period - Off-side.
19:32 of 1st period - Yanni Gourde wins face-off versus Pavel Zacha in neutral zone.
19:32 of 1st period - Yanni Gourde is hit by Tyson Foerster.
Goals for this period are 0 for Capitals vs 2 for MapleLeafs.
Shots for this period are 4 for Capitals vs 6 for MapleLeafs.
2nd period
0:01 of 2nd period - Yanni Gourde wins face-off versus Elias Pettersson in neutral zone.
0:06 of 2nd period - Shot by Sean Durzi.
0:06 of 2nd period - Shot Misses the Net.
0:25 of 2nd period - Shot by Johnny Gaudreau.
0:25 of 2nd period - Shot Misses the Net.
0:52 of 2nd period - Icing by Elias Pettersson.
0:53 of 2nd period - Elias Pettersson wins face-off versus Shane Pinto in Capitals zone.
2:12 of 2nd period - Shot by Drew O'Connor.
2:12 of 2nd period - Stopped by Filip Gustavsson without a rebound.
2:13 of 2nd period - Elias Pettersson wins face-off versus Yanni Gourde in MapleLeafs zone.
2:25 of 2nd period - Elias Pettersson is hit by Sean Durzi and loses puck.
2:42 of 2nd period - Shot by Elias Pettersson.
2:42 of 2nd period - Shot Blocked by Sean Durzi.
2:44 of 2nd period - Shot by Elias Pettersson.
2:44 of 2nd period - Stopped by Filip Gustavsson without a rebound.
2:45 of 2nd period - Michael Rasmussen wins face-off versus Calle Jarnkrok in MapleLeafs zone.
2:48 of 2nd period - Shot by Drew O'Connor.
2:48 of 2nd period - Shot Misses the Net.
2:59 of 2nd period - Shot by Calle Jarnkrok.
2:59 of 2nd period - Stopped by Petr Mrazek without a rebound.
3:00 of 2nd period - Pavel Zacha wins face-off versus Trent Frederic in Capitals zone.
3:09 of 2nd period - Icing by Pavel Zacha.
3:10 of 2nd period - Shane Pinto wins face-off versus Pavel Zacha in Capitals zone.
3:13 of 2nd period - Shot by Drake Batherson.
3:13 of 2nd period - Shot Misses the Net.
3:29 of 2nd period - Shot by Drake Batherson.
3:29 of 2nd period - Stopped by Petr Mrazek with a rebound.
4:46 of 2nd period - Shot by Elias Pettersson.
4:46 of 2nd period - Stopped by Filip Gustavsson without a rebound.
4:47 of 2nd period - Morgan Frost wins face-off versus Evander Kane in MapleLeafs zone.
4:57 of 2nd period - Brandon Carlo is hit by Nicolas Hague.
6:17 of 2nd period - Shot by Pavel Zacha.
6:17 of 2nd period - Shot Misses the Net.
6:30 of 2nd period - Off-side.
6:31 of 2nd period - Shane Pinto wins face-off versus Elias Pettersson in neutral zone.
6:38 of 2nd period - Shot by Jonathan Huberdeau.
6:38 of 2nd period - Shot Misses the Net.
7:06 of 2nd period - Noah Dobson is hit by Jonathan Huberdeau and loses puck.
7:56 of 2nd period - Shot by Michael Rasmussen.
7:56 of 2nd period - Shot Misses the Net.
8:22 of 2nd period - Shot by Pavel Zacha.
8:22 of 2nd period - Shot Misses the Net.
8:24 of 2nd period - Shot by Alec Martinez.
8:24 of 2nd period - Shot Misses the Net.
8:26 of 2nd period - Shot by Alec Martinez.
8:26 of 2nd period - Stopped by Filip Gustavsson without a rebound.
8:27 of 2nd period - Elias Pettersson wins face-off versus Yanni Gourde in MapleLeafs zone.
9:31 of 2nd period - Shot by Tyson Foerster.
9:31 of 2nd period - Stopped by Filip Gustavsson without a rebound.
9:32 of 2nd period - Trent Frederic wins face-off versus Michael Rasmussen in MapleLeafs zone.
9:52 of 2nd period - Shot by Morgan Frost.
9:52 of 2nd period - Stopped by Filip Gustavsson without a rebound.
9:53 of 2nd period - Calle Jarnkrok wins face-off versus Pavel Zacha in MapleLeafs zone.
9:59 of 2nd period - Sean Durzi is hit by Alex Vlasic and loses puck.
10:09 of 2nd period - Calle Jarnkrok is hit by Alex Vlasic and loses puck.
10:20 of 2nd period - Shot by Devon Toews.
10:20 of 2nd period - Shot Misses the Net.
10:22 of 2nd period - Shot by Nico Sturm.
10:22 of 2nd period - Stopped by Petr Mrazek without a rebound.
10:23 of 2nd period - Quinton Byfield wins face-off versus Yanni Gourde in Capitals zone.
10:39 of 2nd period - Shot by Johnny Gaudreau.
10:39 of 2nd period - Stopped by Petr Mrazek without a rebound.
10:40 of 2nd period - Michael Rasmussen wins face-off versus Jonatan Berggren in Capitals zone.
11:16 of 2nd period - Icing by Jonas Siegenthaler.
11:17 of 2nd period - Michael Rasmussen wins face-off versus Yanni Gourde in Capitals zone.
11:19 of 2nd period - Icing by Morgan Frost.
11:20 of 2nd period - Yanni Gourde wins face-off versus Michael Rasmussen in Capitals zone.
11:48 of 2nd period - Icing by Jonas Siegenthaler.
11:49 of 2nd period - Shane Pinto wins face-off versus Michael Rasmussen in Capitals zone.
11:52 of 2nd period - Shot by Drake Batherson.
11:52 of 2nd period - Shot Misses the Net.
12:18 of 2nd period - Shot by Jonathan Huberdeau.
12:18 of 2nd period - Shot Misses the Net.
12:45 of 2nd period - Shot by Elias Pettersson.
12:45 of 2nd period - Shot Misses the Net.
13:41 of 2nd period - Alec Martinez is hit by Yanni Gourde and loses puck.
14:28 of 2nd period - Shot by Michael Rasmussen.
14:28 of 2nd period - Shot Misses the Net.
14:35 of 2nd period - Evander Kane is hit by Morgan Frost and loses puck.
15:19 of 2nd period - Off-side.
15:20 of 2nd period - Elias Pettersson wins face-off versus Shane Pinto in neutral zone.
15:31 of 2nd period - Shot by Jeff Petry.
15:31 of 2nd period - Shot Misses the Net.
15:35 of 2nd period - Shot by Connor Bedard.
15:35 of 2nd period - Stopped by Filip Gustavsson without a rebound.
15:36 of 2nd period - Yanni Gourde wins face-off versus Michael Rasmussen in MapleLeafs zone.
15:38 of 2nd period - Icing by Viktor Arvidsson.
15:39 of 2nd period - Michael Rasmussen wins face-off versus Yanni Gourde in MapleLeafs zone.
15:39 of 2nd period - Michael Rasmussen is hit by Ryan Lindgren.
16:05 of 2nd period - Shot by Morgan Frost.
16:05 of 2nd period - Stopped by Filip Gustavsson without a rebound.
16:06 of 2nd period - Shane Pinto wins face-off versus Elias Pettersson in MapleLeafs zone.
16:15 of 2nd period - Shot by Drake Batherson.
16:15 of 2nd period - Stopped by Petr Mrazek with a rebound.
16:17 of 2nd period - Shot by Drake Batherson.
16:17 of 2nd period - Stopped by Petr Mrazek without a rebound.
16:18 of 2nd period - Pavel Zacha wins face-off versus Calle Jarnkrok in Capitals zone.
16:36 of 2nd period - Shot by Jordan Greenway.
16:36 of 2nd period - Stopped by Filip Gustavsson without a rebound.
16:37 of 2nd period - Viktor Arvidsson wins face-off versus Elias Pettersson in MapleLeafs zone.
17:05 of 2nd period - Icing by Rasmus Sandin.
17:06 of 2nd period - Yanni Gourde wins face-off versus Pavel Zacha in MapleLeafs zone.
17:14 of 2nd period - Minor Penalty to Alex Vlasic for Holding.
17:15 of 2nd period - Shane Pinto wins face-off versus Elias Pettersson in Capitals zone.
17:22 of 2nd period - Shot by Evander Kane.
17:22 of 2nd period - Shot Misses the Net.
17:24 of 2nd period - Shot by Evander Kane.
17:24 of 2nd period - Shot Misses the Net.
17:26 of 2nd period - Shot by Drake Batherson.
17:26 of 2nd period - Stopped by Petr Mrazek without a rebound.
17:27 of 2nd period - Elias Pettersson wins face-off versus Shane Pinto in Capitals zone.
17:33 of 2nd period - Icing by Devon Toews.
17:34 of 2nd period - Evander Kane wins face-off versus Elias Pettersson in MapleLeafs zone.
17:36 of 2nd period - Icing by Drake Batherson.
17:37 of 2nd period - Elias Pettersson wins face-off versus Shane Pinto in MapleLeafs zone.
18:58 of 2nd period - Shot by Rasmus Sandin.
18:58 of 2nd period - Stopped by Petr Mrazek with a rebound.
19:00 of 2nd period - Shot by Johnny Gaudreau.
19:00 of 2nd period - Goal by Johnny Gaudreau - Capitals : 0 - MapleLeafs : 3.
19:01 of 2nd period - Trent Frederic wins face-off versus Morgan Frost in neutral zone.
19:49 of 2nd period - Icing by Brandon Carlo.
19:50 of 2nd period - Trent Frederic wins face-off versus Pavel Zacha in MapleLeafs zone.
Goals for this period are 0 for Capitals vs 1 for MapleLeafs.
Shots for this period are 9 for Capitals vs 9 for MapleLeafs.
3rd period
0:01 of 3rd period - Elias Pettersson wins face-off versus Drake Batherson in neutral zone.
0:10 of 3rd period - Icing by Sean Durzi.
0:11 of 3rd period - Shane Pinto wins face-off versus Tyson Foerster in MapleLeafs zone.
0:15 of 3rd period - Off-side.
0:16 of 3rd period - Yanni Gourde wins face-off versus Elias Pettersson in neutral zone.
0:43 of 3rd period - Elias Pettersson is hit by Sean Durzi and loses puck.
0:54 of 3rd period - Shot by Viktor Arvidsson.
0:54 of 3rd period - Shot Misses the Net.
1:03 of 3rd period - Yanni Gourde is hit by Jeff Petry and loses puck.
1:15 of 3rd period - Jonathan Huberdeau is hit by Noah Dobson and loses puck.
1:18 of 3rd period - Shot by Shane Pinto.
1:18 of 3rd period - Deflect By Drake Batherson.
1:18 of 3rd period - Shot Misses the Net.
1:20 of 3rd period - Shot by Drake Batherson.
1:20 of 3rd period - Stopped by Petr Mrazek without a rebound.
1:21 of 3rd period - Pavel Zacha wins face-off versus Calle Jarnkrok in Capitals zone.
1:40 of 3rd period - Icing by Brandon Carlo.
1:41 of 3rd period - Calle Jarnkrok wins face-off versus Drew O'Connor in MapleLeafs zone.
1:41 of 3rd period - Calle Jarnkrok is hit by Michael Rasmussen.
2:10 of 3rd period - Drew O'Connor is hit by Brandon Carlo and loses puck.
3:10 of 3rd period - Minor Penalty to Sean Durzi for Roughing.
3:11 of 3rd period - Elias Pettersson wins face-off versus Yanni Gourde in MapleLeafs zone.
3:44 of 3rd period - Shot by Jeff Petry.
3:44 of 3rd period - Shot Blocked by Yanni Gourde.
3:46 of 3rd period - Shot by Jeff Petry.
3:46 of 3rd period - Stopped by Filip Gustavsson without a rebound.
3:47 of 3rd period - Yanni Gourde wins face-off versus Pavel Zacha in MapleLeafs zone.
3:56 of 3rd period - Shot by Yanni Gourde.
3:56 of 3rd period - Stopped by Petr Mrazek without a rebound.
3:57 of 3rd period - Yanni Gourde wins face-off versus Pavel Zacha in Capitals zone.
4:26 of 3rd period - Shot by Alex Vlasic.
4:26 of 3rd period - Shot Blocked by Brandon Carlo.
4:58 of 3rd period - Shot by Quinton Byfield.
4:58 of 3rd period - Shot Misses the Net.
5:02 of 3rd period - Shot by Jeff Petry.
5:02 of 3rd period - Shot Blocked by Jakob Silfverberg.
5:04 of 3rd period - Shot by Drew O'Connor.
5:04 of 3rd period - Stopped by Filip Gustavsson without a rebound.
5:05 of 3rd period - Elias Pettersson wins face-off versus Nico Sturm in MapleLeafs zone.
5:08 of 3rd period - Shot by Elias Pettersson.
5:08 of 3rd period - Stopped by Filip Gustavsson with a rebound.
5:19 of 3rd period - Connor Bedard is hit by Sean Durzi and loses puck.
5:20 of 3rd period - Double Minor Penalty to Sean Durzi for High sticking.
5:21 of 3rd period - Nico Sturm wins face-off versus Elias Pettersson in MapleLeafs zone.
5:40 of 3rd period - Shot by Jeff Petry.
5:40 of 3rd period - Goal by Jeff Petry - Capitals : 1 - MapleLeafs : 3.
5:41 of 3rd period - Nico Sturm wins face-off versus Pavel Zacha in neutral zone.
5:59 of 3rd period - Devon Toews is hit by Tyson Foerster and loses puck.
6:35 of 3rd period - Drew O'Connor is hit by Brandon Carlo and loses puck.
7:37 of 3rd period - Shot by Alex Vlasic.
7:37 of 3rd period - Shot Blocked by Devon Toews.
7:57 of 3rd period - Shot by Drake Batherson.
7:57 of 3rd period - Stopped by Petr Mrazek with a rebound.
7:59 of 3rd period - Shot by John Marino.
7:59 of 3rd period - Shot Blocked by Jonas Siegenthaler.
8:01 of 3rd period - Shot by John Marino.
8:01 of 3rd period - Shot Misses the Net.
8:03 of 3rd period - Shot by John Marino.
8:03 of 3rd period - Deflect By Drake Batherson.
8:03 of 3rd period - Stopped by Petr Mrazek without a rebound.
8:04 of 3rd period - Michael Rasmussen wins face-off versus Shane Pinto in Capitals zone.
9:02 of 3rd period - Nicolas Hague is hit by Viktor Arvidsson and loses puck.
9:27 of 3rd period - Shot by Johnny Gaudreau.
9:27 of 3rd period - Shot Misses the Net.
9:56 of 3rd period - Alec Martinez is hit by Rasmus Sandin and loses puck.
10:09 of 3rd period - Shot by Jordan Greenway.
10:09 of 3rd period - Stopped by Filip Gustavsson without a rebound.
10:10 of 3rd period - Trent Frederic wins face-off versus Michael Rasmussen in MapleLeafs zone.
11:06 of 3rd period - Icing by Jeff Petry.
11:07 of 3rd period - Yanni Gourde wins face-off versus Michael Rasmussen in Capitals zone.
11:28 of 3rd period - Shot by Johnny Gaudreau.
11:28 of 3rd period - Shot Blocked by Alex Vlasic.
11:32 of 3rd period - Shot by Yanni Gourde.
11:32 of 3rd period - Shot Misses the Net.
11:34 of 3rd period - Shot by Viktor Arvidsson.
11:34 of 3rd period - Shot Misses the Net.
11:36 of 3rd period - Shot by John Marino.
11:36 of 3rd period - Shot Misses the Net.
11:38 of 3rd period - Shot by John Marino.
11:38 of 3rd period - Shot Blocked by Alec Martinez.
12:08 of 3rd period - Shot by Drake Batherson.
12:08 of 3rd period - Shot Blocked by Alex Vlasic.
12:10 of 3rd period - Shot by Jonathan Huberdeau.
12:10 of 3rd period - Deflect By Drake Batherson.
12:10 of 3rd period - Shot Misses the Net.
12:12 of 3rd period - Shot by Jonathan Huberdeau.
12:12 of 3rd period - Stopped by Petr Mrazek without a rebound.
12:13 of 3rd period - Quinton Byfield wins face-off versus Calle Jarnkrok in Capitals zone.
12:13 of 3rd period - Elias Pettersson is hit by Evander Kane and loses puck.
12:32 of 3rd period - Shot by Calle Jarnkrok.
12:32 of 3rd period - Shot Misses the Net.
12:34 of 3rd period - Shot by Sean Durzi.
12:34 of 3rd period - Stopped by Petr Mrazek without a rebound.
12:35 of 3rd period - Shane Pinto wins face-off versus Morgan Frost in Capitals zone.
12:35 of 3rd period - Ryan Lindgren is hit by Jeff Petry.
13:47 of 3rd period - Johnny Gaudreau is hit by Pavel Zacha and loses puck.
14:10 of 3rd period - Shot by Yanni Gourde.
14:10 of 3rd period - Stopped by Petr Mrazek without a rebound.
14:11 of 3rd period - Michael Rasmussen wins face-off versus Evander Kane in Capitals zone.
14:11 of 3rd period - Michael Rasmussen is hit by Evander Kane.
14:25 of 3rd period - Shot by Drew O'Connor.
14:25 of 3rd period - Shot Misses the Net.
14:28 of 3rd period - Icing by Nico Sturm.
14:29 of 3rd period - Pavel Zacha wins face-off versus Calle Jarnkrok in MapleLeafs zone.
14:29 of 3rd period - Pavel Zacha is hit by John Marino.
14:38 of 3rd period - Off-side.
14:39 of 3rd period - Pavel Zacha wins face-off versus Shane Pinto in neutral zone.
15:20 of 3rd period - Shot by Shane Pinto.
15:20 of 3rd period - Stopped by Petr Mrazek without a rebound.
15:21 of 3rd period - Connor Bedard wins face-off versus Yanni Gourde in Capitals zone.
15:35 of 3rd period - Elias Pettersson is hit by Rasmus Sandin and loses puck.
16:47 of 3rd period - Shot by Morgan Frost.
16:47 of 3rd period - Shot Blocked by Ryan Lindgren.
16:51 of 3rd period - Shot by Morgan Frost.
16:51 of 3rd period - Stopped by Filip Gustavsson without a rebound.
16:52 of 3rd period - Shane Pinto wins face-off versus Pavel Zacha in MapleLeafs zone.
17:00 of 3rd period - Pavel Zacha is hit by Sean Durzi and loses puck.
17:13 of 3rd period - Shot by Pavel Zacha.
17:13 of 3rd period - Shot Misses the Net.
17:15 of 3rd period - Shot by Jordan Greenway.
17:15 of 3rd period - Shot Misses the Net.
17:17 of 3rd period - Shot by Nicolas Hague.
17:17 of 3rd period - Shot Misses the Net.
18:26 of 3rd period - Shot by Johnny Gaudreau.
18:26 of 3rd period - Stopped by Petr Mrazek without a rebound.
18:27 of 3rd period - Elias Pettersson wins face-off versus Calle Jarnkrok in Capitals zone.
18:27 of 3rd period - Elias Pettersson is hit by Evander Kane.
18:40 of 3rd period - Shot by Elias Pettersson.
18:40 of 3rd period - Stopped by Filip Gustavsson without a rebound.
18:41 of 3rd period - Trent Frederic wins face-off versus Pavel Zacha in MapleLeafs zone.
18:55 of 3rd period - Trent Frederic is hit by Jonas Siegenthaler and loses puck.
19:11 of 3rd period - Trent Frederic is hit by Nicolas Hague and loses puck.
19:41 of 3rd period - Shot by Yanni Gourde.
19:41 of 3rd period - Shot Blocked by Jonas Siegenthaler.
19:58 of 3rd period - Icing by Devon Toews.
19:59 of 3rd period - Yanni Gourde wins face-off versus Elias Pettersson in MapleLeafs zone.
19:59 of 3rd period - Yanni Gourde is hit by Quinton Byfield.
Goals for this period are 1 for Capitals vs 0 for MapleLeafs.
Shots for this period are 7 for Capitals vs 9 for MapleLeafs.